 Dungeon Crawl Stone Soup version 0.32-a0-42-ga30500b4d3 (webtiles) character file.

Game seed: 11525158449904014088

11955 snetch the Cleaver (level 11, -13/151 HPs)
             Began as a Minotaur Berserker on Sept 5, 2023.
             Was an Elder of Trog.
             Mangled by a large abomination (15 damage)
             ... on level 10 of the Dungeon on Jan 29, 2024.
             The game lasted 00:44:25 (10218 turns).

snetch the Cleaver (Minotaur Berserker)            Turns: 10218, Time: 00:44:26

Health: -13/151    AC: 19    Str: 32    XL:     11   Next: 56%
Magic:  10/10      EV: 13    Int:  4    God:    Trog [****..]
Gold:   408        SH:  0    Dex: 10    Spells: 10/10 levels left

rFire   . . .        a - +6 hand axe
rCold   . . .        (no shield)
rNeg    + . .        F - +2 scale mail {rN+}
rPois   .            q - +2 hood of the Assassin {Detect Stab+ Stlth++}
rElec   .            B - +0 cloak
rCorr   .            J - +2 pair of gloves {Stlth+}
SInv    .            d - +0 pair of boots
Will    ++...        (no amulet) Stlth
                     (no ring)
HPRegen 1.45/turn    m - +6 ring of strength
MPRegen 0.12/turn

%: no passive effects
@: berserking, strong-willed, regenerating, very quick
A: horns 2, retaliatory headbutt
a: Renounce Religion, Berserk, Trog's Hand, Brothers in Arms


You were on level 10 of the Dungeon.
You worshipped Trog.
Trog was greatly pleased with you.
You visited 2 branches of the dungeon, and saw 12 of its levels.
You also visited: Sewer and Bailey.

You collected 516 gold pieces.
You spent 108 gold pieces at shops.

Inventory:

Hand Weapons
 a - a +6 hand axe (weapon)
 b - the +7 dagger of True Grit {chaos, rElec Int+3 Stlth+}
   (You took it off a kobold demonologist on level 8 of the Dungeon)

   Int+3:     It affects your intelligence (+3).
   rElec:     It insulates you from electricity.
   Stlth+:    It makes you more stealthy.
 c - a +4 trident
 k - a +0 morningstar
 w - a +2 vampiric halberd
 y - a +2 heavy flail
 A - a +2 quarterstaff of chaos
 P - the +4 trident "Jellybane" {freeze, rC+ rN+++ Str+2 Int-3}
   (You found it on level 8 of the Dungeon)

   Str+2:     It affects your strength (+2).
   Int-3:     It affects your intelligence (-3).
   rC+:       It protects you from cold.
   rN+++:     It renders you almost immune to negative energy.
 X - a +1 hand axe of flaming
Missiles
 s - 42 poisoned darts (quivered)
 x - a curare-tipped dart
 M - 112 stones
 V - 3 throwing nets
 W - 2 boomerangs
Armour
 d - a +0 pair of boots (worn)
 q - the +2 hood of the Assassin (worn) {Detect Stab+ Stlth++}
   (You found it in a bailey)

   Detect:    It allows the wearer to sense nearby creatures.
   Stab+:     It allows the wearer to make particularly effective stabbing
   attacks against helpless or unaware enemies with any weapon.
   Stlth++:   It makes you much more stealthy.
 r - a +2 ring mail of cold resistance
 B - a +0 cloak (worn)
 F - a +2 scale mail of positive energy (worn)
 J - a +2 pair of gloves of stealth (worn)
Jewellery
 f - a ring of protection from fire
 m - a +6 ring of strength (right hand)
 Q - a +6 ring of intelligence
 Y - a +6 ring of dexterity
Talismans
 g - a beast talisman
Wands
 u - a wand of digging (2)
 D - a wand of charming (9)
 E - a wand of flame (6)
 I - a wand of polymorph (5)
 K - a wand of mindburst (48)
 L - a wand of light (2)
Scrolls
 e - 5 scrolls of enchant weapon {unknown}
 h - 7 scrolls of teleportation
 i - 3 scrolls of fog {unknown}
 o - a scroll of vulnerability
 C - a scroll of torment
 H - 2 scrolls of immolation
 N - 3 scrolls of brand weapon
 O - 2 scrolls of amnesia {unknown}
 R - a scroll of summoning {unknown}
 S - 3 scrolls of enchant armour {unknown}
 T - 2 scrolls of noise
 U - a scroll of poison
Potions
 j - 3 potions of heal wounds
 l - 2 potions of mutation
 n - 8 potions of might {unknown}
 p - 5 potions of curing {unknown}
 t - a potion of ambrosia
 v - a potion of attraction
 z - 3 potions of cancellation {unknown}
 G - a potion of haste
 Z - 5 potions of magic {unknown}


   Skills:
 + Level 10.5 Fighting
 + Level 13.3(13.9) Axes
 + Level 6.3(10.7) Maces & Flails
 + Level 2.3 Throwing
 + Level 10.6 Armour
 + Level 7.2 Dodging
 + Level 2.9 Stealth


You had 10 spell levels left.
You didn't know any spells.
Your spell library contained the following spells:

 Spells                   Type           Power      Damage    Failure   Level
 Slow                     Hex            0%         N/A       69%         1
 Blink                    Tloc           0%         N/A       83%         2
 Cigotuvi's Dreadful Rot  Necr/Alch/Air  0%         N/A       83%         2
 Lesser Beckoning         Tloc           0%         N/A       83%         2
 Momentum Strike          Conj/Tloc      0%         3d8       83%         2
 Confusing Touch          Hex            0%         N/A       96%         3
 Vampiric Draining        Necr           0%         2d6       96%         3
 Ignite Poison            Fire/Alch      0%         N/A       100%        4
 Summon Blazeheart Golem  Fire/Summ      0%         N/A       100%        4
 Freezing Cloud           Conj/Ice/Air   0%         6-21      100%        5
 Orb of Destruction       Conj           0%         9d5       100%        7
 Spellforged Servitor     Conj/Summ      0%         N/A       100%        7


Dungeon Overview and Level Annotations

Branches:
Dungeon (11/15)            Temple (1/1) D:4            Lair (0/5) D:8
  Sewer (visited)          Bailey (visited)
    Orc: D:9-12

Altars:
Ashenzari
Cheibriados
Dithmenos
Elyvilon
Fedhas
Gozag
Hepliaklqana
Kikubaaqudgha
Makhleb
Nemelex Xobeh
Okawaru
Qazlal
Ru
Sif Muna
Trog
Uskayaw
Vehumet
Wu Jian
Xom
Yredelemnul
Zin
The Shining One

Shops:
D:3 *   D:4 :   D:6 ?   D:7 [


Innate Abilities, Weirdness & Mutations

You have a pair of horns on your head.
You reflexively headbutt those who attack you in melee.


Message History

You swap places.
The large abomination hits you!! x2
* * * LOW HITPOINT WARNING * * *
Your two-headed ogre rages.
The small abomination hits you.
* * * LOW HITPOINT WARNING * * *
There is an open door, spattered with blood here.
You slash the small abomination!
You headbutt the small abomination, but do no damage.
The small abomination is almost destroyed.
You hit the large abomination but do no damage.
You completely miss the large abomination.
The large abomination hits you.
* * * LOW HITPOINT WARNING * * *
The large abomination misses you. You furiously retaliate!
You headbutt the large abomination.
The small abomination closely misses you.
The small abomination hits your two-headed ogre!
The large abomination hits your two-headed ogre!!
Something hits your two-headed ogre!!
Your two-headed ogre dies!
Your two-headed ogre's corpse disappears in a puff of smoke!
A red film seems to cover your vision as you go berserk!
You feel yourself moving faster!
You feel mighty!
You slash the small abomination!
You destroy the small abomination!
Trog accepts your kill. The large abomination hits you!!
* * * LOW HITPOINT WARNING * * *
The large abomination hits you.
* * * LOW HITPOINT WARNING * * *
There is an open door, spattered with blood here.
You hit the large abomination but do no damage.
You headbutt the large abomination!
The large abomination is lightly damaged.
You slash the large abomination!
Unknown command.
You slash the large abomination! You headbutt the large abomination.
The large abomination is heavily damaged.
You slash the large abomination! The large abomination hits you!
You die...

##...##
#..#.###.#.##.##### #<.##
#....#...#.##.# #..####
#..###.#.#.##.# #.....#
######'###.##.#
####.##.###........#.#...
#.........#........#.#...
#.#####...#........#.....
#.# #...#.....)..#.#
#.#### #.#
#...##@######### ##...#
#.# #...#.XX.# #.###.##.#
#.# #...#....+ ##.#.###.#
##.# #####....# ##.## #..
#..# ####### #.# ### #.##
#....######.# #.#
#...........# #.#
#.########### #.# #.#


You could see 2 large abominations.

Vanquished Creatures
  An arcanist (D:10)
  Pikel (D:4)
  A large abomination (D:10)
  2 ugly things (D:8)
  Joseph (D:8)
  2 gargoyles
  2 kobold demonologists (D:8)
  A komodo dragon (D:8)
  Jeremiah (D:8)
  Prince Ribbit (D:7)
  Grinder (D:6)
  Sigmund (D:6)
  A shadow (D:10)
  2 vampires
  A wyvern (D:7)
  5 yaks
  3 steam dragons
  4 water moccasins
  A black bear (D:8)
  An ice beast (D:5)
  A sky beast (D:6)
  2 ogres
  A centaur (D:9)
  6 kobold brigands
  A phantom (D:5)
  7 bullfrogs
  Blork the orc (D:5)
  2 gnoll sergeants
  2 small abominations (D:10)
  A scorpion (D:5)
  13 wights
  4 killer bees (D:6)
  2 howler monkeys
  6 vampire bats (Bailey)
  5 wolf zombies (Bailey)
  2 hounds
  A jelly (D:6)
  2 orc priests
  Crazy Yiuf (D:4)
  2 sleepcaps
  3 iguanas
  Ijyb (D:4)
  5 orc wizards
  Natasha (thrice) (D:2)
  9 adders
  14 gnolls
  7 river rats
  2 shadow imps
  A white imp (D:6)
  An ufetubus (D:5)
  3 ribbon worms
  2 dart slugs
  17 orcs
  13 ball pythons
  3 endoplasms
  4 giant cockroaches
  A hobgoblin (D:1)
  5 jackals (Sewer)
  3 quokkas
  7 bats
  8 frilled lizards
  10 goblins
  25 kobolds
  13 orc zombies (Bailey)
  7 rats
262 creatures vanquished.

Vanquished Creatures (collateral kills)
  2 large abominations (D:10)
  5 small abominations (D:10)
7 creatures vanquished.

Grand Total: 269 creatures vanquished

Notes
Turn   | Place    | Note
-------+----------+-------------------------------------------
     0 | D:1      | snetch the Minotaur Berserker began the quest for the Orb.
     0 | D:1      | Reached XP level 1. HP: 19/19 MP: 0/0
   114 | D:1      | Reached XP level 2. HP: 27/27 MP: 1/1
   142 | D:2      | Reached skill level 4 in Axes
   154 | D:2      | Identified the +1 dagger of Daatz {heavy, rCorr Str+3}
   516 | D:2      | Reached XP level 3. HP: 20/34 MP: 2/2
   597 | D:2      | Reached ** piety under Trog
   749 | D:2      | Noticed Natasha
   753 | D:2      | Killed Natasha
   754 | D:2      | Reached XP level 4. HP: 41/41 MP: 3/3
   807 | D:2      | Noticed Natasha
   811 | D:2      | Killed Natasha
   900 | D:2      | Noticed Natasha
   912 | D:2      | Killed Natasha
   913 | D:2      | Reached skill level 5 in Axes
  1073 | D:3      | Reached skill level 1 in Maces & Flails
  1204 | D:3      | Reached XP level 5. HP: 47/47 MP: 4/4
  1278 | D:3      | Found an opulent altar of Gozag.
  1286 | D:3      | Found Gozag's Platinum Reserve.
  1603 | D:3      | Found a faded altar of an unknown god.
  1712 | D:4      | Found a staircase to the Ecumenical Temple.
  1725 | D:4      | Reached skill level 1 in Stealth
  1736 | Temple   | Entered the Ecumenical Temple
  1774 | D:4      | Found Pax Reoc's Book Shoppe.
  1798 | D:4      | Noticed a lemure
  1798 | D:4      | Noticed a lemure
  1801 | D:4      | Noticed Pikel
  1802 | D:4      | Noticed a lemure
  1825 | D:4      | Noticed a lemure
  1826 | D:4      | Reached XP level 6. HP: 42/55 MP: 5/5
  1830 | D:4      | Killed Pikel
  1831 | D:4      | Reached skill level 5 in Fighting
  1831 | D:4      | Reached skill level 7 in Axes
  1831 | D:4      | Reached skill level 5 in Armour
  1831 | D:4      | Reached XP level 7. HP: 61/61 MP: 6/6
  1874 | D:4      | Found a burning altar of Makhleb.
  1876 | D:4      | Found a glowing silver altar of Zin.
  1876 | D:4      | Noticed an angel
  1877 | D:4      | Noticed a cacodemon
  1961 | D:5      | Entered Level 5 of the Dungeon
  2246 | D:4      | Found a sparkling altar of Nemelex Xobeh.
  2249 | D:4      | Found a shadowy altar of Dithmenos.
  2250 | D:4      | Found a snail-covered altar of Cheibriados.
  2258 | D:4      | Found a broken altar of Ashenzari.
  2258 | D:4      | Found a glowing golden altar of the Shining One.
  2352 | D:4      | Found a runed translucent door.
  2353 | D:4      | Noticed Crazy Yiuf
  2359 | D:4      | Killed Crazy Yiuf
  2478 | D:4      | Found an ornate altar of the Wu Jian Council.
  2639 | D:4      | Noticed Ijyb
  2664 | D:4      | Killed Ijyb
  2842 | D:5      | Reached XP level 8. HP: 64/70 MP: 7/7
  2883 | D:5      | Reached *** piety under Trog
  2884 | D:5      | Reached skill level 8 in Axes
  2904 | D:5      | Noticed Blork the orc
  2934 | D:5      | Killed Blork the orc
  2975 | D:5      | Found a white marble altar of Elyvilon.
  3009 | D:5      | Found an ancient bone altar of Kikubaaqudgha.
  3009 | D:5      | Found a bloodstained altar of Trog.
  3010 | D:5      | Found a hazy altar of Hepliaklqana.
  3338 | D:6      | Noticed Sigmund
  3345 | D:6      | Killed Sigmund
  3346 | D:6      | Reached skill level 5 in Dodging
  3351 | D:6      | Reached skill level 9 in Axes
  3590 | D:6      | Found a glowing drain.
  3613 | Sewer    | Entered a sewer
  3714 | Sewer    | Reached XP level 9. HP: 78/78 MP: 8/8
  4152 | D:6      | Found Iqempuq's Magic Scroll Shop.
  4169 | D:6      | Bought a scroll of identify for 24 gold pieces
  4169 | D:6      | Bought a scroll of noise for 12 gold pieces
  4169 | D:6      | Bought a scroll of poison for 48 gold pieces
  4169 | D:6      | Bought a scroll of identify for 24 gold pieces
  4525 | D:6      | Noticed Grinder
  4526 | D:6      | Paralysed by Grinder for 5 turns
  4535 | D:6      | Killed Grinder
  4545 | D:6      | Reached skill level 1 in Throwing
  4560 | D:6      | Reached **** piety under Trog
  4783 | D:6      | Upgraded the game from 0.31-a0-675-g238779eb0a to
                  | 0.32-a0-42-ga30500b4d3
  5543 | D:7      | Reached skill level 5 in Maces & Flails
  5586 | D:8      | Found a large runed translucent door.
  5766 | D:8      | Reached skill level 10 in Axes
  5766 | D:8      | Found a large runed translucent door.
  5769 | D:8      | Found a shimmering altar of Xom.
  5769 | D:8      | Noticed a red ugly thing
  5769 | D:8      | Noticed a kobold demonologist
  5770 | D:8      | Noticed a white ugly thing
  5987 | D:7      | Found Qivahipn's Antique Armour Shoppe.
  6291 | D:7      | Reached XP level 10. HP: 52/84 MP: 9/9
  6466 | D:7      | Noticed Prince Ribbit
  6470 | D:7      | Killed Prince Ribbit
  6796 | D:8      | Noticed Joseph
  6809 | D:8      | Killed Joseph
  7018 | D:8      | Found a staircase to the Lair.
  7228 | D:8      | Noticed Jeremiah
  7241 | D:8      | Killed Jeremiah
  7242 | D:8      | Reached skill level 11 in Axes
  7343 | D:8      | Identified the +4 trident "Jellybane" {freeze, rC+ rN+++
                  | Str+2 Int-3}
  7748 | D:9      | Found a flagged portal.
  7805 | Bailey   | Entered a bailey
  8014 | Bailey   | Reached ***** piety under Trog
  8080 | Bailey   | Noticed a gargoyle
  8090 | Bailey   | Killed a gargoyle
  8279 | Bailey   | Found the +10 Black Knight's barding {ponderous, rPois rN+}
  8289 | Bailey   | Identified the +0 robe of the Sun {Regen+}
  8353 | Bailey   | Found the +2 hood of the Assassin {Detect Stab+ Stlth++}
  8635 | D:8      | Identified the +7 dagger of True Grit {chaos, rElec Int+3
                  | Stlth+}
  8916 | D:8      | Noticed a smoke demon
  8918 | D:8      | Killed a white ugly thing
  8919 | D:8      | Reached skill level 12 in Axes
  8921 | D:8      | Killed a red ugly thing
  8922 | D:8      | Reached XP level 11. HP: 32/99 MP: 10/10
  8930 | D:8      | Reached skill level 10 in Fighting
  9212 | D:10     | Entered Level 10 of the Dungeon
  9882 | D:10     | Reached skill level 10 in Armour
 10161 | D:10     | Noticed an arcanist
 10182 | D:10     | Killed an arcanist
 10187 | D:10     | Noticed a large abomination
 10187 | D:10     | Noticed a large abomination
 10188 | D:10     | Noticed a large abomination
 10204 | D:10     | Reached skill level 13 in Axes
 10207 | D:10     | Killed a large abomination
 10216 | D:10     | HP: 4/151 [large abomination (26)]
 10216 | D:10     | HP: 1/151 [large abomination (3)]
 10218 | D:10     | Mangled by a large abomination

Illustrated notes

Levels and vault maps discovered:
D:1:      psy_arrival_terrarium, layout_rooms
D:2:      layout_rooms, uniq_natasha
D:3:      layout_basic, nicolae_gozag_zags_fifth_avenue,
          ebering_ecumenical_altar_box, saegor_snake_ambush
D:4:      layout_basic, grunt_temple_overflow_order_and_chaos_2,
          mainiacjoe_overflow_alcove_2, minmay_overflow_temple_star_hex,
          temple_statues, serial_shops, shop, uniq_pikel, uniq_ijyb,
          uniq_crazy_yiuf_cottage
D:5:      layout_basic, mainiacjoe_overflow_tiny_flanked,
          chequers_temple_overflow_statue_of_worship, uniq_blork_the_orc
D:6:      layout_cave_pods, serial_shops, nicolae_shop_crystal,
          cheibrodos_sewer_entry_sluice, uniq_grinder, uniq_sigmund
D:7:      layout_gridville, serial_shops, nicolae_shop_stone,
          uniq_prince_ribbit1
D:8:      due_chaos_kobolds, layout_basic, grunt_lair_entry_orc_guard_hut,
          uniq_joseph, uniq_jeremiah
D:9:      layout_grid_maze, enter_bailey_5
D:10:     layout_loops_ring, laboratory
D:11:     layout_basic, serial_shops, nicolae_shop_statue_plus,
          nicolae_shop_pleasant_corner_grove, fountainhead
Temple:   nicolae_temple_figure_zero

Skill      XL: |  1  2  3  4  5  6  7  8  9 10 11 |
---------------+----------------------------------+-----
Fighting       | 4 5 6 8 9 10 | 10.5
Axes           | 4 5 7 9 10 12 13 | 13.3
Armour         | 3 5 6 7 8 9 10 | 10.6
Maces & Flails | 1 6 |  6.3
Stealth        | 1 2 |  2.9
Dodging        | 3 4 5 6 7 |  7.2
Throwing       | 1 2 |  2.3

Action                     |  1- 3 |  4- 6 |  7- 9 | 10-12 || total
---------------------------+-------+-------+-------+-------++-------
  Melee: Hand axe          |    50 |       |    31 |   277 ||   358
         Headbutt          |     5 |     7 |    49 |    67 ||   128
         Flail             |    23 |       |       |       ||    23
         Punch             |     1 |     3 |     2 |     2 ||     8
         War axe           |    10 |    65 |    65 |       ||   140
         Whip              |       |       |   166 |       ||   166
         Battleaxe         |       |       |    19 |       ||    19
  Throw: Dart              |       |     1 |     9 |     9 ||    19
 Invoke: Berserk           |       |     2 |     2 |     4 ||     8
         Trog's Hand       |       |     1 |     1 |     4 ||     6
         Brothers in Arms  |       |       |       |     1 ||     1
    Use: Scroll            |       |       |     9 |     2 ||    11
   Stab: Sleeping          |       |       |       |     1 ||     1
 Armour: Animal skin       |    14 |       |       |       ||    14
         Chain mail        |    53 |    41 |       |       ||    94
         Ring mail         |       |    35 |    16 |       ||    51
         Scale mail        |       |       |   181 |   223 ||   404
  Dodge: Dodged            |    50 |    34 |   154 |   163 ||   401

Table legend: (Time is in decaauts)
 A = Elapsed time spent in this place.
 B = Non-inter-level travel time spent in this place.
 C = Inter-level travel time spent in this place.
 D = Time resting spent in this place.
 E = Time spent auto-exploring this place.
 F = Levels seen in this place.
 G = Mean time per level.
                   A        B        C        D        E       F      G
               +--------+--------+--------+--------+--------+-----+--------+
         Total |  10386 |   9846 |    540 |    337 |   5651 |  14 |  741.9 |
       Dungeon |   9110 |   8570 |    540 |    337 |   5194 |  11 |  828.2 |
        Temple |      9 |      9 |      0 |      0 |      8 |   1 |    9.0 |
         Sewer |    645 |    645 |      0 |      0 |     28 |   1 |  645.0 |
        Bailey |    620 |    620 |      0 |      0 |    420 |   1 |  620.0 |
               +--------+--------+--------+--------+--------+-----+--------+

Top non-repeatable levels by time:
     D:8: 1365 daAuts
     D:7: 1327 daAuts
     D:9: 1128 daAuts
     D:6: 1100 daAuts
     D:4: 1040 daAuts
     D:5: 974 daAuts
     D:3: 748 daAuts
   Sewer: 645 daAuts
  Bailey: 620 daAuts
     D:2: 597 daAuts
     D:1: 410 daAuts
    D:10: 384 daAuts
    D:11: 33 daAuts
  Temple: 9 daAuts
